 Dungeon Crawl Stone Soup version 0.28.0-45-g0d030f2227 (webtiles) character file.

Game seed: 12003463864460358960

58 zeratav the Insei (level 4, -6/29 HPs)
             Began as an Octopode Transmuter on Apr 11, 2022.
             Killed by nerve-wracking pain
             ... invoked by Jessica
              (9 damage)
             ... on level 2 of the Dungeon.
             The game lasted 00:01:37 (2065 turns).

zeratav the Insei (Octopode Transmuter)             Turns: 2065, Time: 00:01:38

Health: -6/29      AC:  1    Str:  9    XL:     4   Next: 1%
Magic:  7/7        EV: 13    Int: 15    God:
Gold:   75         SH:  0    Dex: 14    Spells: 6/7 levels left

rFire   . . .      SeeInvis .     - Unarmed
rCold   . . .      Faith    .   (no shield)
rNeg    . . .      Spirit   .   (helmet restricted)
rPois   .          Reflect  .   (no amulet)
rElec   .          Harm     .   (no ring)
rCorr   .          Rampage  .   (no ring)
Will    .....                   (no ring)
Stlth   +++.......              (no ring)
HPRegen 0.09/turn               (no ring)
MPRegen 0.10/turn               (no ring)
                                (no ring)
                                (no ring)

@: no status effects
A: almost no armour, amphibious, 8 rings, camouflage 1, gelatinous body 1,
(nimble swimmer 1), tentacles
a: no special abilities


You were on level 2 of the Dungeon.
You visited 1 branch of the dungeon, and saw 2 of its levels.

You collected 75 gold pieces.


Innate Abilities, Weirdness & Mutations

You cannot wear most types of armour.
You are amphibious.
You can wear up to eight rings at the same time.
Your skin changes colour to match your surroundings (Stealth+).
Your rubbery body absorbs attacks. (AC +1, EV +1)
((You are camouflaged when in or above water. (Stealth+)))
You have tentacles for arms and can constrict up to eight enemies at once.


   Skills:
 + Level 1.8 Fighting
 + Level 2.5 Dodging
 + Level 2.0 Stealth
 * Level 3.7 Unarmed Combat
 - Level 2.0 Spellcasting
 - Level 2.0 Transmutations


You had 6 spell levels left.
You knew the following spells:

 Your Spells              Type           Power      Damage    Failure   Level
a - Beastly Appendage     Tmut           14%        N/A       10%         1

Your spell library contained the following spells:

 Spells                   Type           Power      Damage    Failure   Level
 Wereblood                Tmut           7%         N/A       14%         2
 Spider Form              Tmut/Pois      4%         N/A       41%         3
 Ice Form                 Ice/Tmut       4%         N/A       82%         4

Inventory:

Scrolls
 a - a scroll of teleportation {unknown}
 b - a scroll of blinking {unknown}
 c - a scroll of identify {unknown}
 d - a scroll of immolation {unknown}

Dungeon Overview and Level Annotations

Branches:
Dungeon (2/15)

Altars:

Annotations:
D:2 Jessica

#.......## #.......#
#........##########.......#
######....................#
#.#####..†#######..... #.#
#...# #.##.# #.#####...###
#.##.#
#.....'...'.#####.##.#
#########...#.#.....##.#
...#.#@#...#.#.######.#
#..#@##...#.#.# #.#
#gg#.#...#.#.######.#
##.†##...#.#........#
##g.#...#.##########
##@....#.# #..##### #..##
#..#


You could see Jessica, a hobgoblin and a goblin.


Message History

You lost 1 mp, and now have 5/6 mp.
Your transformation is almost over. 2 jackals come into view.
The jackal barks! x2; You hear a shout!
You hear an angry hiss.
The jackal barks!
You barely miss the jackal. Your grab misses the jackal.
Your tentacle spike misses the jackal.
The jackal barely misses you. The jackal bites you.
HP[-2]
You take 2 damage, and now have 22/24 hp.
You barely miss the jackal. You grab the jackal. You squeeze the jackal.
You kill the jackal!
The jackal bites you.
A goblin comes into view. It is wielding a +0 club.
The jackal bites you.
A goblin comes into view. It is wielding a +0 club.
HP[-5]
You take 5 damage, and now have 17/24 hp.
MASSIVE DAMAGE!! (PAUSE)
You tentacle-slap the jackal but do no damage.
Your grab misses the jackal.
You pierce the jackal.
The jackal misses you.
You tentacle-slap the jackal. You grab the jackal.
You pierce the jackal.
You kill the jackal!
The jackal closely misses you. The goblin hits you with a +0 club.
* * * LOW HITPOINT WARNING * * *
The jackal barely misses you.
You are too injured to fight recklessly!
HP[-5]
You take 5 damage, and now have 12/24 hp.
MASSIVE DAMAGE!! (PAUSE)
You are too injured to fight recklessly!
You are too injured to fight recklessly!
You are too injured to fight recklessly!
You are too injured to fight recklessly!
You are too injured to fight recklessly!
You are too injured to fight recklessly!
You are too injured to fight recklessly!
You are too injured to fight recklessly!
You are too injured to fight recklessly!
You are too injured to fight recklessly!
You are too injured to fight recklessly!
You are too injured to fight recklessly!
You are too injured to fight recklessly!
You are too injured to fight recklessly!
You are too injured to fight recklessly!
You are too injured to fight recklessly!
You are too injured to fight recklessly!
The jackal closely misses you. The goblin hits you with a +0 club.
* * * LOW HITPOINT WARNING * * *
Jessica the Apprentice Sorceress comes into view.
She is wielding a +0 club.
You see here a jackal corpse.
HP[-2]
You take 2 damage, and now have 10/24 hp.
MP[+1]
Your mp is fully restored (6).
Your tentacle spike disappears.
The goblin hits you with a +0 club.
* * * LOW HITPOINT WARNING * * *
The jackal bites you.
* * * LOW HITPOINT WARNING * * *
HP[-4]
You take 4 damage, and now have 6/24 hp.
HP[+1]
You tentacle-slap the jackal. Your grab misses the jackal.
The jackal barely misses you.
You closely miss the jackal. You grab the jackal.
You constrict the jackal, but do no damage.
The jackal closely misses you.
A hobgoblin comes into view.
You tentacle-slap the jackal but do no damage.
You constrict the jackal. The jackal completely misses you.
The jackal bites you.
* * * LOW HITPOINT WARNING * * *
HP[-1]
You take 1 damage, and now have 6/24 hp.
You tentacle-slap the jackal.
You kill the jackal!
You have reached level 4!
HP[+1] MP[+1]
You now have 29 max hp (+5).
Your mp is fully restored (7).
You tentacle-slap Jessica. You grab Jessica. You constrict Jessica.
Jessica mumbles some strange words.
Jessica blinks free!
You tentacle-slap Jessica. Your grab misses Jessica.
Jessica casts a spell at you.
You barely resist. You barely miss Jessica. You grab Jessica.
You constrict Jessica, but do no damage.
Jessica hits you with a +0 club.
* * * LOW HITPOINT WARNING * * *
HP[-5]
You take 5 damage, and now have 2/29 hp.
You tentacle-slap Jessica but do no damage.
You constrict Jessica. Jessica closely misses you.
HP[+1]
You tentacle-slap Jessica but do no damage.
You constrict Jessica, but do no damage.
Jessica points at you and mumbles some strange words.
Pain shoots through your body!
You die...

Skill      XL: |  1  2  3 |
---------------+----------+-----
Stealth        | 1 2 |  2.0
Fighting       | |  1.8
Dodging        | |  2.5
Unarmed Combat | |  3.7
Spellcasting   | |  2.0
Transmutations | |  2.0

Action                   |  1- 3 |  4- 6 || total
-------------------------+-------+-------++-------
Melee: Unarmed           |    86 |     5 ||    91
       Constrict         |    22 |     2 ||    24
       Kick              |    17 |       ||    17
       Tentacles         |    10 |       ||    10
       Punch             |     3 |       ||     3
 Cast: Beastly Appendage |    22 |       ||    22
 Stab: Sleeping          |     6 |       ||     6
Armor: Skin              |     3 |       ||     3
Dodge: Dodged            |    56 |     1 ||    57

Levels and vault maps discovered:
D:1:      onia_arrival_pentagram, layout_basic
D:2:      minmay_diamond_boxcup, layout_basic, shapermc_ecumenical_altar_petra,
          uniq_jessica

Notes
Turn   | Place    | Note
-------+----------+-------------------------------------------
     0 | D:1      | zeratav the Octopode Transmuter began the quest for the
                  | Orb.
     0 | D:1      | Reached XP level 1. HP: 13/13 MP: 3/3
     0 | D:1      | magus.rc [v1.9.6]
   276 | D:1      | Reached XP level 2. HP: 18/18 MP: 3/5
   317 | D:1      | Reached skill level 1 in Stealth
   335 | D:1      | HP: 3/18 [jackal (2)]
   850 | D:1      | Reached XP level 3. HP: 19/23 MP: 4/6
  1864 | D:2      | Reached skill level 2 in Stealth
  2053 | D:2      | Noticed Jessica
  2055 | D:2      | HP: 6/24 [jackal (2)]
  2061 | D:2      | Reached XP level 4. HP: 7/29 MP: 7/7
  2063 | D:2      | HP: 2/29 [Jessica/+0 club (5)]
  2065 | D:2      | Killed from afar by Jessica

Vanquished Creatures
  An adder (D:2)
  A worm (D:2)
  2 dart slugs
  2 bats (D:1)
  2 endoplasms (D:1)
  2 giant cockroaches
  A goblin (D:2)
  A hobgoblin (D:1)
  13 jackals
  4 quokkas
  2 ball pythons
  A frilled lizard (D:1)
  4 rats
36 creatures vanquished.

Table legend:
 A = Non-vault XP
 B = Vault XP
 C = Vault XP percentage of total XP
 D = Non-vault monster count
 E = Vault monster count
 F = Vault count percentage of total count
                 A         B        C        D         E       F
            +---------+---------+-------+---------+---------+-------
      Total |      81 |       2 |   2.4 |      35 |       1 |   2.8
            +---------+---------+-------+---------+---------+-------
        D:1 |      42 |       0 |   0.0 |      23 |       0 |   0.0
        D:2 |      39 |       2 |   4.9 |      12 |       1 |   7.7
            +---------+---------+-------+---------+---------+-------

Illustrated notes

Table legend:
 A = Kills in this place as a percentage of kills in entire the game.
 B = Kills by you in this place as a percentage of kills by you in the entire game.
 C = Kills by friends in this place as a percentage of kills by friends in the entire game.
 D = Other kills in this place as a percentage of other kills in the entire game.
 E = Experience gained in this place as a percentage of experience gained in the entire game.
 F = Experience gained in this place divided by the number of levels of this place that you have seen.
                   A       B       C       D       E      F
               +-------+-------+-------+-------+-------+----------------------
         Total | 100.0 | 100.0 |   N/A |   N/A | 100.0 |  41.5
       Dungeon | 100.0 | 100.0 |   N/A |   N/A | 100.0 |  41.5
               +-------+-------+-------+-------+-------+----------------------

Table legend: (Time is in decaauts)
 A = Elapsed time spent in this place.
 B = Non-inter-level travel time spent in this place.
 C = Inter-level travel time spent in this place.
 D = Time resting spent in this place.
 E = Time spent auto-exploring this place.
 F = Levels seen in this place.
 G = Mean time per level.
                   A        B        C        D        E       F      G
               +--------+--------+--------+--------+--------+-----+--------+
         Total |   2059 |   2040 |     19 |      0 |   1815 |   2 | 1029.5 |
       Dungeon |   2059 |   2040 |     19 |      0 |   1815 |   2 | 1029.5 |
               +--------+--------+--------+--------+--------+-----+--------+

Top non-repeatable levels by time:
     D:1: 1445 daAuts
     D:2: 614 daAuts
